 Dungeon Crawl Stone Soup version 0.31-a0-229-g1fc7ce93e2 (webtiles) character file.

Game seed: 18274438179358531099

51 qw the Shooter (level 3, -5/21 HPs)
             Began as a Gargoyle Hexslinger on July 6, 2023.
             Slain by an iguana (8 damage)
             ... on level 3 of the Dungeon.
             The game lasted 00:00:39 (1989 turns).

qw the Shooter (Gargoyle Hexslinger)                Turns: 1989, Time: 00:00:39

Health: -5/21      AC:  8    Str: 11    XL:     3   Next: 81%
Magic:  4/4        EV: 10    Int: 13    God:
Gold:   182        SH:  0    Dex: 14    Spells: 3/4 levels left

rFire   . . .        Y - +1 sling
rCold   . . .        (no shield)
rNeg    + . .        g - +0 ring mail
rPois   inf          (no helmet)
rElec   +            (no cloak)
rCorr   .            (no gloves)
SInv    .            (no boots)
Will    .....        (no amulet)
Stlth   +            (no ring)
HPRegen 0.23/turn    (no ring)
MPRegen 0.09/turn

%: no passive effects
@: no status effects
A: sickness immunity, AC +3, negative energy resistance 1, electricity
resistance, torment resistance 1, petrification resistance
a: no special abilities


You were on level 3 of the Dungeon.
You visited 1 branch of the dungeon, and saw 3 of its levels.

You collected 182 gold pieces.


Innate Abilities, Weirdness & Mutations

You are immune to sickness and miasma.
Your stone body is resilient. (AC +3)
You are immune to poison.
You resist negative energy. (rN+)
You are resistant to electric shocks. (rElec)
You are resistant to unholy torment.
You are immune to petrification.


   Skills:
 - Level 2.0 Fighting
 + Level 3.6 Ranged Weapons
 - Level 1.5 Dodging
 - Level 1.0 Spellcasting
 - Level 2.6 Hexes


You had 3 spell levels left.
You knew the following spells:

 Your Spells              Type           Power      Damage    Failure   Level
a - Slow                  Hex            28%        N/A       22%         1

Your spell library contained the following spells:

 Spells                   Type           Power      Damage    Failure   Level
 Inner Flame              Hex/Fire       4%         N/A       75%         3
 Portal Projectile        Hex/Tloc       8%         N/A       75%         3
 Cause Fear               Hex            3%         N/A       92%         4

Inventory:

Hand Weapons
 Y - a +1 sling (weapon)
Armour
 d - a +0 pair of gloves
 g - a +0 ring mail (worn)
Scrolls
 a - a scroll of identify
Potions
 b - 2 potions of haste {unknown}
 c - a potion of cancellation {unknown}
 e - a potion of attraction {unknown}
 h - a potion of brilliance {unknown}
 l - a potion of enlightenment {unknown}

Dungeon Overview and Level Annotations

Branches:
Dungeon (3/15)

Altars:


Message History

You shoot a sling bullet.
The sling bullet closely misses the iguana.
You shoot a sling bullet.
The sling bullet closely misses the iguana.
You shoot a sling bullet. The sling bullet hits the iguana.
The iguana is lightly wounded.
You shoot a sling bullet. The sling bullet hits the iguana.
The iguana is moderately wounded.
The iguana bites you.
The iguana hisses menacingly.
The iguana bites you.
You shoot a sling bullet.
The sling bullet closely misses the iguana.
The iguana barely misses you.
You shoot a sling bullet.
The sling bullet barely misses the iguana.
The iguana barely misses you.
You shoot a sling bullet.
The sling bullet closely misses the iguana.
The iguana bites you! The iguana bites you.
You shoot a sling bullet. The sling bullet hits the iguana.
The iguana is heavily wounded.
The iguana bites you but does no damage.
You shoot a sling bullet.
The sling bullet closely misses the iguana.
The iguana closely misses you.
You shoot a sling bullet.
The sling bullet closely misses the iguana.
The iguana barely misses you. The iguana misses you.
You shoot a sling bullet.
The sling bullet closely misses the iguana.
The iguana barely misses you.
You shoot a sling bullet.
The sling bullet barely misses the iguana.
The iguana bites you.
You shoot a sling bullet.
The sling bullet hits the iguana but does no damage.
The iguana is heavily wounded.
The iguana bites you. The iguana bites you!
You die...

#.#########.#
#...........#
#.#########.# #.# #.#
#.# #.########## #.#
#.##....$... #.#
#.##........ #.#
#........... ###[###
#...@l...... ......#
#........... ......#
#.##........ ..[...#####
#.##........ ###........
............
.......######.##########
........... ...
.......#### .#######


You could see an iguana.

Vanquished Creatures
  An adder (D:2)
  A worm (D:2)
  2 dart slugs
  3 bats
  5 endoplasms
  A giant cockroach (D:1)
  4 goblins
  3 hobgoblins
  A quokka (D:1)
  4 frilled lizards (D:1)
  6 kobolds
  2 rats
33 creatures vanquished.

Notes
Turn   | Place    | Note
-------+----------+-------------------------------------------
     0 | D:1      | qw the Gargoyle Hexslinger began the quest for the Orb.
     0 | D:1      | Reached XP level 1. HP: 12/12 MP: 2/2
     0 | D:1      | 0 ||| qw: Version: 0.3-a-46-gb1f654a
     0 | D:1      | 0 ||| qw: Game counter: 1184
     0 | D:1      | 0 ||| qw: Melee chars always use a shield: true
     0 | D:1      | 0 ||| qw: God list: Okawaru
     0 | D:1      | 0 ||| qw: Allow faded altars: false
     0 | D:1      | 0 ||| qw: Do Orc after clearing Dungeon:15 true
     0 | D:1      | 0 ||| qw: Do second Lair branch before Depths: true
     0 | D:1      | 0 ||| qw: Lair rune preference: random
     0 | D:1      | 0 ||| qw: Goals: Normal
     0 | D:1      | 0 ||| PLANNING D:1-11
   195 | D:1      | Reached XP level 2. HP: 16/16 MP: 3/3
   395 | D:1      | Reached skill level 3 in Ranged Weapons
   802 | D:1      | 802 ||| UPGRADING to +0 ring mail.
   812 | D:1      | 812 ||| DROPPING +0 robe.
   813 | D:1      | 813 ||| READING 2 scrolls labelled QIOPIN SOELUED.
   814 | D:1      | 814 ||| READING scroll labelled IKEITZ ZARA.
   815 | D:1      | 815 ||| READING scroll labelled DEYXAPEO IBLY.
   818 | D:1      | 818 ||| READING scroll labelled SYOSEI RICVAMA.
   819 | D:1      | 819 ||| DROPPING scroll of poison.
   864 | D:2      | 864 ||| STAIRDANCE
   893 | D:2      | Reached XP level 3. HP: 21/21 MP: 4/4
  1769 | D:2      | 1769 ||| READING scroll labelled NAUD DISSAAJU.
  1770 | D:2      | 1770 ||| READING 2 scrolls labelled TODYLI POMEEH.
  1771 | D:2      | 1771 ||| READING scroll labelled UCKEFRA XORU.
  1772 | D:2      | 1772 ||| READING scroll labelled JACENN UCSIJA.
  1773 | D:2      | 1773 ||| READING scroll labelled LAGA ZAAQO.
  1774 | D:2      | 1774 ||| READING 2 scrolls of identify.
  1774 | D:2      | 1774 ||| IDENTIFYING red potion
  1775 | D:2      | 1775 ||| DROPPING potion of lignification.
  1776 | D:2      | 1776 ||| DROPPING scroll of vulnerability.
  1989 | D:3      | HP: 3/21 [iguana (6)]
  1989 | D:3      | Slain by an iguana

Levels and vault maps discovered:
D:1:      dpeg_arrival_water_fire, layout_basic
D:2:      layout_basic
D:3:      layout_basic, dreamdust_divine_triumvirate, uniq_sigmund

Skill      XL: |  1  2 |
---------------+-------+-----
Ranged Weapons | 3 |  3.6
Fighting       | 2 |  2.0
Dodging        | |  1.5
Spellcasting   | |  1.0
Hexes          | |  2.6

Action                     || total
---------------------------++-------
   Fire: Sling             ||   136
    Use: Scroll            ||    10
 Armour: Robe              ||     8
         Ring mail         ||    11
  Dodge: Dodged            ||    31

Table legend:
 A = Non-vault XP
 B = Vault XP
 C = Vault XP percentage of total XP
 D = Non-vault monster count
 E = Vault monster count
 F = Vault count percentage of total count
                 A         B        C        D         E       F
            +---------+---------+-------+---------+---------+-------
      Total |      73 |       0 |   0.0 |      33 |       0 |   0.0
            +---------+---------+-------+---------+---------+-------
        D:1 |      29 |       0 |   0.0 |      18 |       0 |   0.0
        D:2 |      35 |       0 |   0.0 |      10 |       0 |   0.0
        D:3 |       9 |       0 |   0.0 |       5 |       0 |   0.0
            +---------+---------+-------+---------+---------+-------
